3L
QUEBEC CITY LES BLEUS @ ECHO PARK LAKERS
09/15/2034
 
TOP OF THE 1ST
Quebec City Les Bleus batting - Pitching for Echo Park Lakers : RHP Willie Dustice
Pitching: RHP Willie Dustice
Batting: SHB Arvo Helminen 0-0: Ball
1-0: Swinging Strike
1-1: Foul Ball, location: 2F
1-2: Strikes out swinging
Batting: LHB Scott Janousek 0-0: Ball
1-0: Swinging Strike
1-1: Ball
2-1: Swinging Strike
2-2: Foul Ball, location: 2F
2-2: Strikes out looking
Batting: LHB Jeff Simpson 0-0: Foul Ball, location: 2F
0-1: Ball
1-1: Ball
2-1: Ball
3-1: Base on Balls
Batting: LHB Palaie Gaoteote 0-0: Ball
1-0: Ball
2-0: Called Strike
2-1: Fly out, F4 (Line Drive, 4)
Top of the 1st over - 0 runs, 0 hits, 0 errors, 1 left on base; Quebec City 0 - Echo Park 0
BOTTOM OF THE 1ST
Echo Park Lakers batting - Pitching for Quebec City Les Bleus : RHP Pedro López
Pitching: RHP Pedro López
Batting: SHB Toby Sutton 0-0: Ball
1-0: Ground out 5-3 (Groundball, 5)
Batting: RHB Félix Romero 0-0: Called Strike
0-1: Ground out 5-3 (Groundball, 5)
Batting: RHB Manuel Guillama 0-0: Ball
1-0: Ball
2-0: Foul Ball, location: 2F
2-1: Foul Ball, location: 2F
2-2: Ball
3-2: Strikes out swinging
Bottom of the 1st over - 0 runs, 0 hits, 0 errors, 0 left on base; Quebec City 0 - Echo Park 0
TOP OF THE 2ND
Quebec City Les Bleus batting - Pitching for Echo Park Lakers : RHP Willie Dustice
Batting: RHB Kameron Guangorena 0-0: Ball
1-0: Ball
2-0: Called Strike
2-1: Ball
3-1: Base on Balls
Batting: RHB Paul Tate 0-0: Fly out, F9 (Line Drive, 9S)
Batting: RHB Kumanosuke Asano 0-0: Foul Ball, location: 2F
0-1: Swinging Strike
0-2: Foul Ball, location: 2F
0-2: Strikes out looking
Batting: RHB Cam MacIntosh 0-0: Ball
1-0: Called Strike
1-1: SINGLE (Flyball, 9LS)
Kameron Guangorena to second
Batting: RHB Reg Spiers 0-0: Ball
1-0: Ball
2-0: Foul Ball, location: 2F
2-1: Called Strike
2-2: Strikes out swinging
Top of the 2nd over - 0 runs, 1 hit, 0 errors, 2 left on base; Quebec City 0 - Echo Park 0
BOTTOM OF THE 2ND
Echo Park Lakers batting - Pitching for Quebec City Les Bleus : RHP Pedro López
Batting: RHB Xavier Pérez 0-0: Ball
1-0: Called Strike
1-1: Ball
2-1: Called Strike
2-2: Fly out, F7 (Flyball, 78S)
Batting: RHB Ronald Comejo 0-0: Swinging Strike
0-1: Ball
1-1: Fly out, F9 (Flyball, 9LS)
Batting: RHB Freddy Torres 0-0: Ground out 6-3 (Groundball, 6)
Bottom of the 2nd over - 0 runs, 0 hits, 0 errors, 0 left on base; Quebec City 0 - Echo Park 0
TOP OF THE 3RD
Quebec City Les Bleus batting - Pitching for Echo Park Lakers : RHP Willie Dustice
Batting: SHB Arvo Helminen 0-0: Called Strike
0-1: SINGLE (Groundball, 34D)
Batting: LHB Scott Janousek 0-0: Ball
1-0: Ball
2-0: Called Strike
2-1: Foul Ball, location: 2F
2-2: Fly out, F8 (Flyball, 78D)
Batting: LHB Jeff Simpson 0-0: Ball
1-0: Ball
2-0: Called Strike
2-1: Ball
Arvo Helminen steals 2nd base
3-1: SINGLE (Line Drive, 4)
Arvo Helminen to third
Runner from 3rd tries for Home, SAFE, no throw
Batting: LHB Palaie Gaoteote 0-0: Ball
1-0: Swinging Strike
1-1: Ball
2-1: Called Strike
2-2: Ball
3-2: Base on Balls
Jeff Simpson to second
Batting: RHB Kameron Guangorena 0-0: Foul Ball, location: 2F
0-1: Ball
1-1: Foul Ball, location: 2F
1-2: Ball
2-2: Foul Ball, location: 2F
2-2: Grounds into double play, 4-6-3 (Groundball, 4M)
Top of the 3rd over - 1 run, 2 hits, 0 errors, 1 left on base; Quebec City 1 - Echo Park 0
BOTTOM OF THE 3RD
Echo Park Lakers batting - Pitching for Quebec City Les Bleus : RHP Pedro López
Batting: SHB Rodolphe Nairn 0-0: Ball
1-0: Swinging Strike
1-1: Ball
2-1: Foul Ball, location: 2F
2-2: Ball
3-2: Base on Balls
Batting: RHB Tyler Utterback 0-0: Called Strike
0-1: Ball
1-1: Ball
2-1: SINGLE (Line Drive, 56)
Rodolphe Nairn to second
Runner from 2nd tries for 3rd, SAFE, throw made to third
Batting: LHB Bartolo Sierra 0-0: Swinging Strike
0-1: SINGLE (Groundball, 5S) (infield hit)
Rodolphe Nairn scores
Tyler Utterback to second
Batting: SHB Toby Sutton 0-0: Fielders Choice at 2nd, 4-6 (Groundball, 4M)
Tyler Utterback to third
Batting: RHB Félix Romero 0-0: Called Strike
0-1: Ball
1-1: Called Strike
1-2: Foul Ball, location: 2F
1-2: Ball
2-2: Ground out 5-3 (Groundball, 5S)
Tyler Utterback scores
Toby Sutton to second
Batting: RHB Manuel Guillama 0-0: Ball
1-0: Foul Ball, location: 2F
1-1: Foul Ball, location: 2F
1-2: Hit by Pitch
Batting: RHB Xavier Pérez 0-0: Ball
1-0: Foul Ball, location: 2F
1-1: Ball
2-1: SINGLE (Flyball, 7LS)
Toby Sutton to third
Manuel Guillama to second
Runner from 3rd tries for Home, SAFE, no throw
Batting: RHB Ronald Comejo 0-0: Swinging Strike
0-1: Ball
1-1: DOUBLE (Line Drive, 7LM)
Manuel Guillama scores
Xavier Pérez to third
Runner from 3rd tries for Home, SAFE, no throw
Batting: RHB Freddy Torres 0-0: Ball
1-0: Foul Ball, location: 2F
1-1: Ground out 6-3 (Groundball, 6S)
Bottom of the 3rd over - 5 runs, 4 hits, 0 errors, 1 left on base; Quebec City 1 - Echo Park 5
TOP OF THE 4TH
Quebec City Les Bleus batting - Pitching for Echo Park Lakers : RHP Willie Dustice
Batting: RHB Paul Tate 0-0: Ground out 4-3 (Groundball, 4)
Batting: RHB Kumanosuke Asano 0-0: Called Strike
0-1: Fly out, F7 (Flyball, 7D)
Batting: RHB Cam MacIntosh 0-0: Called Strike
0-1: Ground out 1-3 (Groundball, 13)
Top of the 4th over - 0 runs, 0 hits, 0 errors, 0 left on base; Quebec City 1 - Echo Park 5
BOTTOM OF THE 4TH
Echo Park Lakers batting - Pitching for Quebec City Les Bleus : RHP Pedro López
Batting: SHB Rodolphe Nairn 0-0: Ball
1-0: Swinging Strike
1-1: Ball
2-1: Fly out, F8 (Flyball, 8RXD)
Batting: RHB Tyler Utterback 0-0: TRIPLE (Flyball, 9D)
Batting: LHB Bartolo Sierra 0-0: Ball
1-0: Ball
2-0: DOUBLE (Line Drive, 89D)
Tyler Utterback scores
Batting: SHB Toby Sutton 0-0: Ball
1-0: Ball
2-0: 2-RUN HOME RUN (Flyball, 9LD), Distance : 372 ft
Batting: RHB Félix Romero 0-0: Ball
1-0: Ball
2-0: SINGLE (Line Drive, 89S)
Batting: RHB Manuel Guillama 0-0: Called Strike
0-1: Hit by Pitch
Félix Romero to second
Batting: RHB Xavier Pérez 0-0: Ball
1-0: Ball
2-0: Ball
3-0: Called Strike
3-1: Foul Ball, location: 2F
3-2: Base on Balls
Félix Romero to third
Manuel Guillama to second
Batting: RHB Ronald Comejo 0-0: SINGLE (Flyball, 8RS)
Félix Romero scores
Manuel Guillama to third
Xavier Pérez to second
Batting: RHB Freddy Torres 0-0: Ball
1-0: Swinging Strike
1-1: Fielders Choice at 2nd, 6-4 (Groundball, 56)
Manuel Guillama scores
Xavier Pérez to third
Batting: SHB Rodolphe Nairn 0-0: Swinging Strike
0-1: Ball
1-1: Called Strike
1-2: Ball
2-2: Strikes out swinging
Bottom of the 4th over - 5 runs, 5 hits, 0 errors, 2 left on base; Quebec City 1 - Echo Park 10
TOP OF THE 5TH
Quebec City Les Bleus batting - Pitching for Echo Park Lakers : RHP Willie Dustice
Batting: RHB Reg Spiers 0-0: Ball
1-0: Foul Ball, location: 2F
1-1: Fly out, F4 (Line Drive, 4MD)
Batting: SHB Arvo Helminen 0-0: Called Strike
0-1: Swinging Strike
0-2: Ball
1-2: Ball
2-2: Strikes out looking
Batting: LHB Scott Janousek 0-0: Called Strike
0-1: Fly out, F9 (Flyball, 89M)
Top of the 5th over - 0 runs, 0 hits, 0 errors, 0 left on base; Quebec City 1 - Echo Park 10
BOTTOM OF THE 5TH
Echo Park Lakers batting - Pitching for Quebec City Les Bleus : RHP Pedro López
Batting: RHB Tyler Utterback 0-0: Ball
1-0: Called Strike
1-1: Swinging Strike
1-2: Foul Ball, location: 2F
1-2: Strikes out looking
Batting: LHB Bartolo Sierra 0-0: Fly out, F8 (Line Drive, 8LM)
Now in CF: Tevin McTevin
Batting: SHB Toby Sutton 0-0: Ball
1-0: Foul Ball, location: 2F
1-1: Ball
2-1: Ball
3-1: Called Strike
3-2: Foul Ball, location: 2F
3-2: Foul Ball, location: 2F
3-2: Base on Balls
Batting: RHB Félix Romero 0-0: Called Strike
0-1: Ground out U3 (Groundball, 3L)
Bottom of the 5th over - 0 runs, 0 hits, 0 errors, 1 left on base; Quebec City 1 - Echo Park 10
TOP OF THE 6TH
Quebec City Les Bleus batting - Pitching for Echo Park Lakers : RHP Willie Dustice
Batting: LHB Jeff Simpson 0-0: Called Strike
0-1: Ball
1-1: Foul Ball, location: 2F
1-2: Ball
2-2: Strikes out looking
Batting: LHB Palaie Gaoteote 0-0: Swinging Strike
0-1: SINGLE (Line Drive, 8RS)
Batting: RHB Kameron Guangorena 0-0: Called Strike
0-1: Ball
1-1: Ball
2-1: Grounds into double play, 6-4-3 (Groundball, 6)
Top of the 6th over - 0 runs, 1 hit, 0 errors, 0 left on base; Quebec City 1 - Echo Park 10
BOTTOM OF THE 6TH
Echo Park Lakers batting - Pitching for Quebec City Les Bleus : RHP Pedro López
Batting: RHB Manuel Guillama 0-0: Ball
1-0: Ball
2-0: Ball
3-0: Called Strike
3-1: Called Strike
3-2: Base on Balls
Batting: RHB Xavier Pérez 0-0: Ball
1-0: Ball
2-0: Called Strike
Pickoff Throw to First - Out!
2-1: Ball
3-1: Base on Balls
Pitching: RHP Stanley Eldrige
Batting: RHB Ronald Comejo 0-0: Foul Ball, location: 2F
0-1: Foul Ball, location: 2F
0-2: Ball
1-2: Foul Ball, location: 2F
1-2: Ball
2-2: Ball
3-2: Strikes out swinging
Batting: RHB Freddy Torres 0-0: Ball
1-0: Called Strike
1-1: Ball
2-1: Fly out, F6 (Flyball, 6D)
Bottom of the 6th over - 0 runs, 0 hits, 0 errors, 1 left on base; Quebec City 1 - Echo Park 10
TOP OF THE 7TH
Quebec City Les Bleus batting - Pitching for Echo Park Lakers : RHP Willie Dustice
Batting: RHB Tevin McTevin 0-0: Foul Ball, location: 2F
0-1: Ground out 5-3 (Groundball, 2L)
Batting: RHB Kumanosuke Asano 0-0: Ball
1-0: Ball
2-0: Swinging Strike
2-1: Foul Ball, location: 2F
2-2: Ball
3-2: Ground out 6-3 (Groundball, 6)
Batting: RHB Cam MacIntosh 0-0: Foul Ball, location: 2F
0-1: Ball
1-1: Foul Ball, location: 2F
1-2: Foul Ball, location: 2F
1-2: Ball
2-2: Foul Ball, location: 2F
2-2: Foul Ball, location: 2F
2-2: Ground out 4-3 (Groundball, 4MS)
Top of the 7th over - 0 runs, 0 hits, 0 errors, 0 left on base; Quebec City 1 - Echo Park 10
BOTTOM OF THE 7TH
Echo Park Lakers batting - Pitching for Quebec City Les Bleus : RHP Stanley Eldrige
Batting: SHB Rodolphe Nairn 0-0: Ground out 4-3 (Groundball, 4)
Batting: RHB Tyler Utterback 0-0: Ball
1-0: Called Strike
1-1: SINGLE (Groundball, 56S) (infield hit)
Batting: LHB Bartolo Sierra 0-0: Fly out, F9 (Line Drive, 9)
Batting: SHB Toby Sutton 0-0: Ground out 4-3 (Groundball, 4)
Bottom of the 7th over - 0 runs, 1 hit, 0 errors, 1 left on base; Quebec City 1 - Echo Park 10
TOP OF THE 8TH
Quebec City Les Bleus batting - Pitching for Echo Park Lakers : RHP Willie Dustice
Batting: RHB Reg Spiers 0-0: Called Strike
0-1: Ground out 5-3 (Groundball, 5S)
Batting: SHB Arvo Helminen 0-0: Foul Ball, location: 2F
0-1: Foul Ball, location: 2F
0-2: Ball
1-2: Foul Ball, location: 2F
1-2: Ball
2-2: Strikes out looking
Batting: LHB Scott Janousek 0-0: Ground out 3-1 (Groundball, 34)
Top of the 8th over - 0 runs, 0 hits, 0 errors, 0 left on base; Quebec City 1 - Echo Park 10
BOTTOM OF THE 8TH
Echo Park Lakers batting - Pitching for Quebec City Les Bleus : RHP Stanley Eldrige
Batting: RHB Félix Romero 0-0: Ball
1-0: Called Strike
1-1: Called Strike
1-2: Foul Ball, location: 2F
1-2: Ball
2-2: Strikes out looking
Batting: RHB Manuel Guillama 0-0: Ball
1-0: Ball
2-0: Foul Ball, location: 2F
2-1: Foul Ball, location: 2F
2-2: SINGLE (Line Drive, 8LS)
Batting: RHB Xavier Pérez 0-0: Ball
1-0: Grounds into double play, 5-4-3 (Groundball, 56)
Bottom of the 8th over - 0 runs, 1 hit, 0 errors, 0 left on base; Quebec City 1 - Echo Park 10
TOP OF THE 9TH
Quebec City Les Bleus batting - Pitching for Echo Park Lakers : RHP Willie Dustice
Now at 1B: Chris Etheridge
Batting: LHB Jeff Simpson 0-0: Ball
1-0: Swinging Strike
1-1: Called Strike
1-2: Strikes out looking
Batting: LHB Palaie Gaoteote 0-0: Called Strike
0-1: Swinging Strike
0-2: Ball
1-2: Ball
2-2: Strikes out looking
Batting: RHB Kameron Guangorena 0-0: Called Strike
0-1: DOUBLE (Line Drive, 9D)
Pitching: RHP Pete Venegas
Batting: RHB Tevin McTevin 0-0: Called Strike
0-1: Fly out, F6 (Line Drive, 6)
Top of the 9th over - 0 runs, 1 hit, 0 errors, 1 left on base; Quebec City 1 - Echo Park 10
Friday, March 29th, 2019 - OOTP Baseball 18.8 Build 76